 Dungeon Crawl Stone Soup version 0.27-a0-287-gd4424db430 (webtiles) character file.

Game seed: 10488429791164439806

207 vurker the Insei (level 5, -6/27 HPs)
             Began as a Vine Stalker Enchanter on Feb 8, 2021.
             Killed by divine providence
             ... invoked by an orc priest
              (13 damage)
             ... on level 3 of the Dungeon.
             The game lasted 00:02:48 (2225 turns).

vurker the Insei (Vine Stalker Enchanter)           Turns: 2225, Time: 00:02:48

Health: -6/27      AC:  8    Str: 11    XL:     5   Next: 85%
Magic:  0/9        EV: 10    Int: 15    God:
Gold:   131        SH:  0    Dex: 15    Spells: 7/8 levels left

rFire    . . .     SeeInvis .   a - +1 dagger
rCold    . . .     Faith    .   (no shield)
rNeg     . . .     Spirit   +   e - +0 ring mail
rPois    .         Reflect  .   b - +2 hat
rElec    .         Harm     .   k - +0 cloak
rCorr    .         Rampage  .   (no gloves)
Will     .....                  (no boots)
Stlth    ++........             (no amulet)
HPRegen  0.49/turn              (no ring)
MPRegen  0.11/turn              (no ring)

@: no status effects
A: fangs 2, regeneration 1, magic shield, antimagic bite, no potion heal 3
a: no special abilities


You were on level 3 of the Dungeon.
You visited 1 branch of the dungeon, and saw 3 of its levels.

You collected 131 gold pieces.

Inventory:

Hand Weapons
 a - a +1 dagger (weapon)
Armour
 b - a +2 hat (worn)
   (You found it on level 1 of the Dungeon)
 e - a +0 ring mail (worn)
   (You found it on level 1 of the Dungeon)
 k - a +0 cloak (worn)
   (You found it on level 3 of the Dungeon)
Scrolls
 d - 2 scrolls of remove curse {unknown}
 f - 4 scrolls of identify {unknown}
 h - a scroll of noise {unknown}
 i - a scroll of teleportation {unknown}
 j - a scroll of immolation {unknown}
Potions
 c - 3 potions of heal wounds {unknown}
 g - 2 potions of curing {unknown}
 l - a potion of lignification {unknown}
 m - a potion of magic {unknown}


   Skills:
 + Level 2.6 Fighting
 - Level 0.8 Short Blades
 - Level 1.5 Dodging
 - Level 3.6 Stealth
 * Level 4.3 Unarmed Combat
 - Level 2.1 Spellcasting
 - Level 3.0 Hexes


You had 7 spell levels left.
You knew the following spells:

 Your Spells              Type           Power        Failure   Level
a - Corona                Hex            11%          16%         1

Your spell library contained the following spells:

 Spells                   Type           Power        Failure   Level
 Ensorcelled Hibernation  Hex/Ice        12%          41%         2
 Confusing Touch          Hex            10%          43%         3
 Tukima's Dance           Hex            10%          43%         3
 Dazzling Flash           Conj/Hex       12%          65%         3


Dungeon Overview and Level Annotations

Branches:
Dungeon (3/15)

Altars:
Kikubaaqudgha


Innate Abilities, Weirdness & Mutations

You have extremely sharp teeth.
Your natural rate of healing is unusually fast.
When hurt, damage is shared between your health and your magic reserves.
Your bite disrupts and absorbs the magic of your enemies.
Potions cannot restore your health.


Message History

No target in view!
No target in view!
No target in view!
Found an ancient bone altar of Kikubaaqudgha.
You see here a ring mail.
Found a purple potion.
m - a purple potion No target in view!
Found a scroll labelled XOX DOAZEHAAP.
An orc comes into view. It is wielding a +0 mace.
An orc is nearby!
An orc is nearby!
An orc comes into view. It is wielding a +0 flail.
The orc shouts! x2
An orc priest comes into view. It is wielding a +0 club.
The orc priest shouts!
You hit the orc. You bite the orc. You drain its power. The orc misses you.
You hit the orc. The orc hits you but does no damage.
You closely miss the orc. You hit the orc.
You kill the orc!
You closely miss the orc. You punch the orc.
The orc priest invokes the aid of Beogh against you.
Pain shoots through your body! The orc closely misses you.
You hit the orc.
The orc priest invokes the aid of Beogh against you.
Beogh smites you!
* * * LOW HITPOINT WARNING * * *
You hit the orc. The orc barely misses you.
The orc priest invokes the aid of Beogh against you.
Beogh smites you!
* * * LOW HITPOINT WARNING * * *
You hit the orc.
You kill the orc!
Found a dark potion.
Found 18 arrows.
A kobold comes into view.
Found a ring mail.
The kobold shouts!
The kobold throws a stone.
The stone barely misses you.
The kobold throws a stone.
The stone hits you but does no damage.
The kobold throws a stone.
The stone hits you but does no damage.
The orc priest calls down the wrath of Beogh upon you.
Beogh smites you!
* * * LOW HITPOINT WARNING * * *
The orc priest looks satisfied for a moment.
The orc priest looks encouraged for a moment.
The orc priest mumbles some strange prayers to Beogh against you.
Beogh smites you!
You die...

#.# #..##.# #..#
##.## ##.....
#.###..##.# #..#
#..####...###
#.........# #..#
#.###...#[...
#####..#### #..# #.#
#K#...# #..# #..#
#.# #o##.## #..#
#.<# #.# #.##.####
...# #.. #.#
#...#..o. ...##
#..#####.###..#(####
.####
#..@....oK....#.# #.
#.#############. #
#. .# # ... .##


You could see an orc priest and a kobold.

Vanquished Creatures
  An ice beast (D:3)
  Jessica (D:2)
  An adder (D:2)
  2 worms (D:3)
  3 dart slugs
  2 leopard geckos
  2 orcs (D:3)
  2 bat zombies (D:3)
  2 giant cockroaches (D:2)
  10 goblins
  5 hobgoblins
  2 quokkas (D:2)
  A ball python (D:2)
  11 bats
  2 frilled lizards
  12 kobolds
  4 rats
  2 rat zombies (D:3)
65 creatures vanquished.

Notes
Turn   | Place    | Note
-------+----------+-------------------------------------------
     0 | D:1      | vurker the Vine Stalker Enchanter began the quest for the
                  | Orb.
     0 | D:1      | Reached XP level 1. HP: 9/9 MP: 4/4
   119 | D:1      | Reached skill level 1 in Unarmed Combat
   215 | D:1      | Reached XP level 2. HP: 11/14 MP: 4/6
   606 | D:1      | Reached skill level 1 in Fighting
   665 | D:1      | Reached skill level 2 in Unarmed Combat
   666 | D:1      | Reached XP level 3. HP: 17/18 MP: 7/7
  1492 | D:2      | Gained mutation: Your natural rate of healing is unusually
                  | fast. [Vine Stalker growth]
  1492 | D:2      | Reached XP level 4. HP: 22/22 MP: 8/8
  1664 | D:2      | Noticed Jessica
  1670 | D:2      | Killed Jessica
  1671 | D:2      | Reached skill level 3 in Unarmed Combat
  1919 | D:3      | Noticed an ice beast
  1937 | D:3      | Killed an ice beast
  1938 | D:3      | Reached skill level 4 in Unarmed Combat
  1938 | D:3      | Reached XP level 5. HP: 4/27 MP: 1/9
  2134 | D:3      | Found an ancient bone altar of Kikubaaqudgha.
  2193 | D:3      | HP: 1/27 [orc priest/divine providence (10)]
  2225 | D:3      | Killed from afar by an orc priest

Illustrated notes

Levels and vault maps discovered:
D:1:      minmay_arrival_split_and_join, layout_basic
D:2:      layout_loops_ring, uniq_jessica
D:3:      layout_loops_ring, lemuel_zombie_altar_kikubaaqudgha

Skill      XL: |  1  2  3  4 |
---------------+-------------+-----
Unarmed Combat | 1 2 4 |  4.3
Fighting       | 1 2 |  2.6
Short Blades   | |  0.8
Dodging        | |  1.5
Stealth        | |  3.6
Spellcasting   | |  2.1
Hexes          | |  3.0

Action                   |  1- 3 |  4- 6 || total
-------------------------+-------+-------++-------
Melee: Dagger            |   182 |    73 ||   255
       Bite              |    33 |    19 ||    52
       Punch             |     1 |     4 ||     5
 Stab: Sleeping          |     5 |     2 ||     7
       Distracted        |     1 |       ||     1
Armor: Robe              |     3 |       ||     3
       Ring mail         |    83 |    29 ||   112
Dodge: Dodged            |   125 |    42 ||   167

Table legend: (Time is in decaauts)
 A = Elapsed time spent in this place.
 B = Non-inter-level travel time spent in this place.
 C = Inter-level travel time spent in this place.
 D = Time resting spent in this place.
 E = Time spent auto-exploring this place.
 F = Levels seen in this place.
 G = Mean time per level.
                   A        B        C        D        E       F      G
               +--------+--------+--------+--------+--------+-----+--------+
         Total |   2216 |   2195 |     21 |     57 |   1584 |   3 |  738.7 |
       Dungeon |   2216 |   2195 |     21 |     57 |   1584 |   3 |  738.7 |
               +--------+--------+--------+--------+--------+-----+--------+

Top non-repeatable levels by time:
     D:1: 954 daAuts
     D:2: 894 daAuts
     D:3: 367 daAuts
